cohdb
Replays
Latest Replays
All Replays
Popular Replays
Top Player Replays
Match Explorer
How It Works
Community
CoH3 Stats
Reddit
Sign in to upload your games and track your stats! →
Sign in with Steam
Match 40781925
Unlisted
Match 40781925
Overview
Messages
Build Orders
End
Selects Italian Combined Arms Battlegroup
Selects Bersaglieri Squad
Bersaglieri Squad
Panzergrenadier Squad
250 Light Carrier
Construct Light Support Kompanie
Bersaglieri Squad
Bersaglieri Squad
Panzerjäger Squad
Construct Mechanized Kompanie
Selects Bersaglieri Bolster
Support Armor Elements
StuG III D Assault Gun
2.5-tonne Medical Truck
Selects Semovente da 75/18 Assault Gun
Marder III Tank Destroyer
18-tonne Recovery Half-track
Selects Strafing Run
mööp
战争之裂血手套
DEVGRU-SXP
Newbs101
츄륩츄륩
CPU - VERY EASY
0
0
Comments
sign in to comment!
No comments posted yet!